 Dungeon Crawl Stone Soup version 0.30-a0-414-gcb316572d5 (webtiles) character file.

Game seed: 14384160093178141471

35 sleeves the Insei (level 3, 0/26 HPs)
             Began as a Demonspawn Transmuter on Dec 8, 2022.
             Slain by an adder (2 damage)
             ... on level 2 of the Dungeon.
             The game lasted 00:01:35 (1114 turns).

sleeves the Insei (Demonspawn Transmuter)           Turns: 1114, Time: 00:01:35

Health: 0/26       AC:  2    Str: 10    XL:     3   Next: 16%
Magic:  5/6        EV: 12    Int: 16    God:
Gold:   46         SH:  0    Dex: 13    Spells: 5/6 levels left

rFire   . . .      SeeInvis .      - Unarmed
rCold   . . .      Faith    .    (no shield)
rNeg    . . .      Spirit   .    a - +0 robe
rPois   .          Reflect  .    (helmet currently unavailable)
rElec   .          Harm     .    (no cloak)
rCorr   .          Rampage  .    (no gloves)
Will    .....                    (boots currently unavailable)
Stlth   +.........               (no amulet)
HPRegen 0.24/turn                (no ring)
MPRegen 0.20/turn                (no ring)

@: appendages
A: horns 2, talons 2, magic regeneration
a: End Transformation


You were on level 2 of the Dungeon.
You had temporarily grown beastly horns and talons.
You visited 1 branch of the dungeon, and saw 2 of its levels.

You collected 46 gold pieces.

Inventory:

Armour
 a - a +0 robe (worn)
Scrolls
 c - a scroll of identify {unknown}
 d - a scroll of teleportation {unknown}
 e - a scroll of vulnerability {unknown}
Potions
 b - a potion of lignification
 f - a potion of heal wounds {unknown}
 g - a potion of mutation {unknown}
 h - a potion of might {unknown}


   Skills:
 - Level 1.0 Fighting
 - Level 1.7 Dodging
 + Level 3.9 Unarmed Combat
 - Level 2.0 Spellcasting
 - Level 1.7 Transmutations


You had 5 spell levels left.
You knew the following spells:

 Your Spells              Type           Power      Damage    Failure   Level
a - Beastly Appendage     Tmut           14%        N/A       10%         1

Your spell library contained the following spells:

 Spells                   Type           Power      Damage    Failure   Level
 Wereblood                Tmut           7%         N/A       16%         2
 Ensorcelled Hibernation  Hex/Ice        2%         N/A       30%         2
 Spider Form              Tmut/Pois      4%         N/A       41%         3
 Ice Form                 Ice/Tmut       4%         N/A       82%         4
 Anguish                  Hex/Necr       0%         N/A       90%         4
 Summon Lightning Spire   Summ/Air       1%         N/A       90%         4
 Storm Form               Tmut/Air       2%         N/A       100%        7
 Maxwell's Capacitive Co  Air            0%         ∞         100%        8


Dungeon Overview and Level Annotations

Branches:
Dungeon (2/15)

Altars:


Innate Abilities, Weirdness & Mutations

You have temporarily grown beastly horns and talons.
You regenerate magic rapidly.


Message History

Welcome, sleeves the Demonspawn Transmuter.
Will you be the one to retrieve the magnificent Orb of Zot from the depths?
Press ? for a list of commands and other information.
Found a staircase leading out of the dungeon.
A frilled lizard comes into view.
A frilled lizard is nearby!
A frilled lizard is nearby!
A frilled lizard is nearby!
You grow a pair of large bovine horns.
Your feet morph into talons.
The frilled lizard hisses angrily.
The frilled lizard closely misses you.
You barely miss the frilled lizard.
The frilled lizard bites you but does no damage.
You closely miss the frilled lizard. You claw the frilled lizard.
The frilled lizard is heavily wounded.
You barely miss the frilled lizard.
The frilled lizard is heavily wounded.
The frilled lizard bites you but does no damage.
You miss the frilled lizard. Your kick misses the frilled lizard.
Your headbutt misses the frilled lizard.
The frilled lizard is heavily wounded.
Your transformation is almost over.
The frilled lizard closely misses you.
You hit the frilled lizard.
You kill the frilled lizard!
No target in view!
No target in view!
No target in view!
No target in view!
Magic restored.
Your horns disappear.
Your talons disappear.
Found a short sword.
You pick up a book of the Sky and begin reading...
You add the spells Summon Lightning Spire, Storm Form and Maxwell's Capacitive Coupling to your library.
You now have 10 gold pieces.
A ball python comes into view.
The ball python hisses angrily.
The ball python bites you but does no damage.
The ball python barely misses you.
You hit the ball python.
You kill the ball python!
No target in view!
No target in view!
No target in view!
Okay, then.
Found a sling.
You see here a ball python corpse.
c - a scroll labelled SEUCAD UFUMEA A goblin comes into view.
It is wielding a +0 dagger.
The goblin shouts!
The goblin hits you with a +0 dagger.
You hit the goblin.
You kill the goblin!
You grow a pair of large bovine horns.
Your feet morph into talons.
No target in view!
HP restored.
Your transformation is almost over.
Your horns disappear.
Your talons disappear.
You now have 23 gold pieces (gained 13).
You open the door.
There is an open door here.
Found a stone staircase leading down.
A hobgoblin comes into view.
The hobgoblin shouts!
A hobgoblin is nearby!
A hobgoblin is nearby!
You grow a pair of large bovine horns.
Your feet morph into talons.
You hit the hobgoblin but do no damage. You claw the hobgoblin.
You kill the hobgoblin!
Your Unarmed Combat skill increases to level 3!
No target in view!
No target in view!
No target in view!
No target in view!
No target in view!
No target in view!
Okay, then.
Your transformation is almost over.
Your horns disappear.
Your talons disappear.
d - a scroll labelled QEUNIB BEGABB You pick up a book of Dreams and begin reading...
You add the spells Ensorcelled Hibernation and Anguish to your library.
As you open the door, it creaks loudly!
There is an open door here.
A hobgoblin comes into view.
The hobgoblin shouts!
A hobgoblin is nearby!
You grow a pair of large bovine horns.
Your feet morph into talons.
You hit the hobgoblin. Your headbutt misses the hobgoblin.
The hobgoblin is lightly wounded.
The hobgoblin hits you.
You hit the hobgoblin.
The hobgoblin is almost dead.
The hobgoblin misses you.
You hit the hobgoblin.
You kill the hobgoblin!
No target in view!
No target in view!
Your transformation is almost over.
Your horns disappear.
Your talons disappear.
Found a spear and a war axe.
An endoplasm comes into view.
An endoplasm is nearby!
An endoplasm is nearby!
A rat comes into view.
Found a club and a scroll labelled DEEXIU ETHI.
The endoplasm quivers.
You grow a pair of large bovine horns.
Your feet morph into talons.
The rat bites you but does no damage.
You hit the rat.
You kill the rat!
You hit the endoplasm but do no damage. The endoplasm closely misses you.
You barely miss the endoplasm.
Your transformation is almost over.
The endoplasm misses you.
You hit the endoplasm. You headbutt the endoplasm.
You kill the endoplasm!
You have reached level 2!
Your demonic ancestry asserts itself...
Your magic begins to regenerate rapidly.
Your horns disappear.
Your talons disappear.
You see here a +0 club.
e - a scroll labelled DEEXIU ETHI
Found 5 stones.
A dart slug comes into view.
A dart slug is nearby!
You grow a pair of large bovine horns.
Your feet morph into talons.
The dart slug barely misses you.
You hit the dart slug. You punch the dart slug.
The dart slug is heavily wounded.
Your transformation is almost over.
The dart slug closely misses you.
You hit the dart slug but do no damage.
The dart slug is heavily wounded.
The dart slug bites you.
You hit the dart slug.
You claw the dart slug, but do no damage.
You headbutt the dart slug.
You kill the dart slug!
No target in view!
No target in view!
No target in view!
Your horns disappear.
Your talons disappear.
A bat comes into view.
A bat is nearby!
A bat is nearby!
The bat hits you but does no damage. The bat hits you.
You miss the bat. The bat closely misses you. The bat closely misses you.
The bat hits you. The bat hits you but does no damage. The bat hits you.
The bat barely misses you.
You closely miss the bat. The bat closely misses you.
A bat is nearby!
A bat is nearby!
A bat is nearby!
You grow a pair of large bovine horns.
Your feet morph into talons.
The bat closely misses you.
You closely miss the bat. You claw the bat.
You kill the bat!
No target in view!
No target in view!
No target in view!
No target in view!
No target in view!
No target in view!
No target in view!
No target in view!
Your transformation is almost over.
Your horns disappear.
Your talons disappear.
f - a ruby potion
Found a stone staircase leading down.
Found an escape hatch in the floor.
g - a metallic blue potion A frilled lizard comes into view.
A frilled lizard is nearby!
The frilled lizard hisses angrily.
You miss the frilled lizard. The frilled lizard barely misses you.
You miss the frilled lizard. The frilled lizard misses you.
You hit the frilled lizard but do no damage.
The frilled lizard bites you but does no damage.
You barely miss the frilled lizard.
The frilled lizard completely misses you.
You hit the frilled lizard but do no damage.
The frilled lizard closely misses you.
You closely miss the frilled lizard. The frilled lizard closely misses you.
You barely miss the frilled lizard. The frilled lizard bites you.
You closely miss the frilled lizard. The frilled lizard bites you.
You miss the frilled lizard.
The frilled lizard bites you but does no damage.
A frilled lizard is nearby!
A frilled lizard is nearby!
A frilled lizard is nearby!
You hit the frilled lizard.
The frilled lizard is heavily wounded.
The frilled lizard barely misses you.
You closely miss the frilled lizard.
The frilled lizard is heavily wounded.
The frilled lizard closely misses you.
You barely miss the frilled lizard.
The frilled lizard is heavily wounded.
The frilled lizard bites you but does no damage.
You barely miss the frilled lizard.
The frilled lizard is heavily wounded.
The frilled lizard bites you but does no damage.
You hit the frilled lizard but do no damage.
The frilled lizard is heavily wounded.
The frilled lizard bites you.
You closely miss the frilled lizard. You hit the frilled lizard.
You kill the frilled lizard!
No target in view!
No target in view!
You now have 33 gold pieces (gained 10).
You see here a frilled lizard corpse.
There is an escape hatch in the floor here.
Found a mace.
You see here a +0 mace.
You see here a frilled lizard corpse.
A rat comes into view.
A rat is nearby!
The helpless rat fails to defend itself.
You hit the rat.
You kill the rat!
No target in view!
No target in view!
No target in view!
No target in view!
No target in view!
No target in view!
Found a stone staircase leading down.
There is a stone staircase leading down here.
As you open the door, it creaks loudly!
There is an open door here.
Found a chain mail and a robe.
No target in view!
No target in view!
No target in view!
You see here a +0 robe.
You open the door.
There is an open door here.
You open the door.
Key pressed, stopping explore.
You see here a +0 spear.
Done exploring.
Done exploring.
No target in view!
No target in view!
No target in view!
No target in view!
No target in view!
No target in view!
No target in view!
No target in view!
Done exploring.
Done exploring.
Done exploring.
(D) Dungeon
Where to? (? - help)
There is a stone staircase leading down here.
You climb downwards.
Found a scale mail.
There is a stone staircase leading up here.
You see here a +0 scale mail.
A kobold comes into view. It is wielding a +0 whip.
A kobold is nearby!
A kobold is nearby!
You grow a pair of large bovine horns.
Your feet morph into talons.
The kobold shouts!
The kobold barely misses you.
You barely miss the kobold.
You headbutt the kobold, but do no damage.
You hit the kobold but do no damage. Your kick misses the kobold.
You headbutt the kobold.
You kill the kobold!
No target in view!
Magic restored.
Your horns disappear.
Your talons disappear.
You now have 46 gold pieces (gained 13).
Found 2 large rocks.
A ball python comes into view.
A ball python is nearby!
A ball python is nearby!
Found 3 stones.
Found a stone staircase leading down.
The ball python bites you but does no damage.
The ball python closely misses you.
You grow a pair of large bovine horns.
Your feet morph into talons.
The ball python bites you. The ball python barely misses you.
You punch the ball python!
You kill the ball python!
No target in view!
No target in view!
No target in view!
HP restored.
A ball python comes into view.
Found a pink potion.
A ball python is nearby!
A ball python is nearby!
A ball python is nearby!
Your transformation is almost over.
An endoplasm and a quokka come into view.
You miscast Beastly Appendage.
You are very lightly contaminated with residual magic.
Nothing appears to happen.
You hit the ball python. Your kick misses the ball python.
The ball python is moderately wounded.
The ball python barely misses you. The ball python closely misses you.
You hit the ball python.
You kill the ball python!
You closely miss the quokka. Your headbutt misses the quokka.
The endoplasm quivers.
The quokka bites you.
You hit the quokka but do no damage. Your headbutt misses the quokka.
The quokka closely misses you. The quokka bites you.
You closely miss the quokka.
The quokka bites you but does no damage.
You barely miss the quokka. Your headbutt misses the quokka.
Your horns disappear.
Your talons disappear.
The quokka misses you.
Your magical contamination has completely faded away.
You hit the quokka.
You kill the quokka!
You punch the endoplasm!
You kill the endoplasm!
No target in view!
A dart slug comes into view.
Found a robe.
A dart slug is nearby!
A dart slug is nearby!
A dart slug is nearby!
The dart slug briefly extends its eye-stalks.
You grow a pair of large bovine horns.
Your feet morph into talons.
You hit the dart slug. You claw the dart slug. You headbutt the dart slug.
The dart slug is almost dead.
Your transformation is almost over.
The dart slug bites you.
You hit the dart slug.
You kill the dart slug!
No target in view!
No target in view!
No target in view!
No target in view!
No target in view!
No target in view!
No target in view!
h - a pink potion Your horns disappear.
Your talons disappear.
A hobgoblin comes into view.
A hobgoblin is nearby!
A hobgoblin is nearby!
The hobgoblin shouts!
You hear an angry hiss.
A rat comes into view.
Found a thin smoking staff.
You closely miss the hobgoblin. The hobgoblin hits you.
You closely miss the hobgoblin. The hobgoblin misses you.
You closely miss the hobgoblin. The hobgoblin hits you. The rat bites you.
A kobold comes into view. It is wielding a +0 short sword.
You barely miss the hobgoblin.
An adder comes into view.
The hobgoblin closely misses you. The rat bites you but does no damage.
The rat bites you.
Casting: Beastly Appendage (safe; 12% risk of failure)
Confirm with . or Enter, or press ? or * to list all spells.
You grow a pair of large bovine horns.
Your feet morph into talons.
The hobgoblin hits you. The hobgoblin attacks as you move away!
The hobgoblin barely misses you.
You punch the hobgoblin!
You kill the hobgoblin!
You swing at nothing.
You hit the rat.
You kill the rat!
You closely miss the adder. Your kick misses the adder.
The adder closely misses you.
You barely miss the adder. You claw the adder.
You headbutt the adder, but do no damage.
The adder is moderately wounded.
The adder bites you.
You are poisoned.
The adder poisons you!
You hit the adder. You claw the adder.
The adder is heavily wounded.
Your transformation is almost over.
You feel sick. The adder bites you but does no damage.
You hit the adder. Your headbutt misses the adder. Your punch misses the adder.
The adder is heavily wounded.
You feel sick. The adder barely misses you.
You closely miss the adder. Your kick misses the adder.
The adder is heavily wounded.
You feel sick. The adder barely misses you. The adder bites you.
* * * LOW HITPOINT WARNING * * *
You closely miss the adder. Your kick misses the adder.
The adder is heavily wounded.
You feel sick. The adder closely misses you.
You closely miss the adder. Your kick misses the adder.
The adder is heavily wounded.
You feel sick. The adder bites you but does no damage.
You hit the adder.
The adder is almost dead.
You feel sick. The adder barely misses you.
You miss the adder. You claw the adder.
You kill the adder!
You feel sick.
You are no longer poisoned.
You have reached level 3!
Your experience leads to an increase in your attributes!
Increase (S)trength, (I)ntelligence, or (D)exterity?
You feel clever. x2
You barely miss the kobold. You headbutt the kobold.
You kill the kobold!
Your horns disappear.
Your talons disappear.
An adder comes into view.
An adder is nearby!
An adder is nearby!
You see here a +0 robe.
You aren't carrying any items that you can evoke.
Okay, then.
Casting: Beastly Appendage (safe; 10% risk of failure)
Confirm with . or Enter, or press ? or * to list all spells.
You grow a pair of large bovine horns.
Your feet morph into talons.
You closely miss the adder. The adder bites you.
* * * LOW HITPOINT WARNING * * *
You punch the adder! Your kick misses the adder.
The adder is severely wounded.
The adder bites you but does no damage.
You hit the adder.
The adder is almost dead.
The adder bites you.
* * * LOW HITPOINT WARNING * * *
The adder bites you.
You die...

### ### ..#####@#
#...##S## # #...##.### ##
|# #...#)##r##.##.#
#...#.#.#.#.#.#
#......#.S#..#
#...#...#...#
######.....#....#....#
..###.....##....#.....#...


You could see an adder.

Vanquished Creatures
  An adder (D:2)
  2 dart slugs
  3 ball pythons
  2 endoplasms
  A goblin (D:1)
  3 hobgoblins
  2 kobolds (D:2)
  A quokka (D:2)
  A bat (D:1)
  2 frilled lizards (D:1)
  3 rats
21 creatures vanquished.

Notes
Turn   | Place    | Note
-------+----------+-------------------------------------------
     0 | D:1      | sleeves the Demonspawn Transmuter began the quest for the
                  | Orb.
     0 | D:1      | Reached XP level 1. HP: 15/15 MP: 3/3
   110 | D:1      | Reached skill level 3 in Unarmed Combat
   210 | D:1      | Gained mutation: You regenerate magic rapidly. [demonic
                  | ancestry]
   210 | D:1      | Reached XP level 2. HP: 21/21 MP: 3/5
  1095 | D:2      | HP: 8/21 [adder (3)]
  1100 | D:2      | Reached XP level 3. HP: 6/26 MP: 6/6
  1112 | D:2      | HP: 6/26 [adder (3)]
  1114 | D:2      | HP: 2/26 [adder (4)]
  1114 | D:2      | Slain by an adder

Illustrated notes

Levels and vault maps discovered:
D:1:      matt_arrival_debris, layout_basic
D:2:      layout_basic, minivault_4, st_stairs_8, minmay_increasing_density

Skill      XL: |  1 |
---------------+----+-----
Unarmed Combat | 3 |  3.9
Fighting       | |  1.0
Dodging        | |  1.7
Spellcasting   | |  2.0
Transmutations | |  1.7

Action                   || total
-------------------------++-------
Melee: Unarmed           ||    70
       Kick              ||     8
       Headbutt          ||     7
       Punch             ||     1
 Cast: Beastly Appendage ||    12
 Stab: Sleeping          ||     1
Armor: Robe              ||    16
Dodge: Dodged            ||    35

Table legend: (Time is in decaauts)
 A = Elapsed time spent in this place.
 B = Non-inter-level travel time spent in this place.
 C = Inter-level travel time spent in this place.
 D = Time resting spent in this place.
 E = Time spent auto-exploring this place.
 F = Levels seen in this place.
 G = Mean time per level.
                   A        B        C        D        E       F      G
               +--------+--------+--------+--------+--------+-----+--------+
         Total |   1109 |   1085 |     24 |      0 |    916 |   2 |  554.5 |
       Dungeon |   1109 |   1085 |     24 |      0 |    916 |   2 |  554.5 |
               +--------+--------+--------+--------+--------+-----+--------+

Top non-repeatable levels by time:
     D:1: 979 daAuts
     D:2: 129 daAuts
